 Dungeon Crawl Stone Soup version 0.28.0-47-ge53b351184 (webtiles) character file.

Game seed: 17477164836735866320

161 warriortoast the Magician (level 5, 0/28 HPs)
             Began as a Deep Elf Fire Elementalist on Apr 26, 2022.
             Slain by a bullfrog (6 damage)
             ... in a sewer.
             The game lasted 00:07:42 (3518 turns).

warriortoast the Magician (DEFE)                    Turns: 3518, Time: 00:07:43

Health: 0/28       AC:  2    Str:  5    XL:     5   Next: 19%
Magic:  8/14       EV: 12    Int: 22    God:
Gold:   79         SH:  0    Dex: 15    Spells: 8/14 levels left

rFire   . . .      SeeInvis .   (no weapon)
rCold   . . .      Faith    .   (no shield)
rNeg    . . .      Spirit   .   a - +0 robe
rPois   .          Reflect  .   (no helmet)
rElec   .          Harm     .   (no cloak)
rCorr   .          Rampage  .   (no gloves)
Will    .....                   (no boots)
Stlth   ++........              (no amulet)
HPRegen 0.09/turn               (no ring)
MPRegen 0.14/turn               (no ring)

@: no status effects
A: no striking features
a: no special abilities


You were in a sewer.
You visited 1 branch of the dungeon, and saw 4 of its levels.
You also visited: Sewer.

You collected 79 gold pieces.

Inventory:

Hand Weapons
 h - the +6 war axe of Floods {drain, rN+ Will+ Dex-2}
   (You found it on level 2 of the Dungeon)

   A truly terrible weapon, it drains the life of any living foe it strikes.
   Dex:       It affects your dexterity (-2).
   rN:        It protects you from negative energy.
   Will:      It increases your willpower.
Armour
 a - a +0 robe (worn)
Magical Staves
 i - a staff of air
Scrolls
 c - 2 scrolls of enchant armour {unknown}
 f - 3 scrolls of immolation {unknown}
 g - a scroll of enchant weapon {unknown}
Potions
 b - 2 potions of brilliance {unknown}
 d - a potion of curing {unknown}
 e - a potion of berserk rage {unknown}
 j - a potion of heal wounds {unknown}


   Skills:
 - Level 2.4 Dodging
 - Level 2.4 Stealth
 + Level 5.0 Spellcasting
 + Level 2.8 Conjurations
 + Level 4.8 Fire Magic


You had 8 spell levels left.
You knew the following spells:

 Your Spells              Type           Power      Damage    Failure   Level
a - Foxfire               Conj/Fire      88%        2x1d8     2%          1
b - Scorch                Fire           52%        2d7       1%          2
c - Conjure Flame         Conj/Fire      22%        6-21      6%          3

Your spell library contained the following spells:

 Spells                   Type           Power      Damage    Failure   Level
 Inner Flame              Hex/Fire       16%        N/A       11%         3
 Flame Wave               Conj/Fire      22%        2d7       22%         4


Dungeon Overview and Level Annotations

Branches:
Dungeon (5/15)              Sewer (1/1)
 Temple: D:4-7

Altars:
Yredelemnul


Message History

The foxfire hits the endoplasm.
The endoplasm is severely wounded.
The endoplasm closely misses you.
The giant cockroach waves its antennae.
You conjure some foxfire!
The foxfire hits the endoplasm.
You kill the endoplasm!
The foxfire hits the frilled lizard!
You kill the frilled lizard!
You conjure some foxfire!
The foxfire hits the ball python.
The ball python is severely wounded.
The foxfire hits the ball python.
You kill the ball python!
The foxfire hits the giant cockroach.
The giant cockroach is severely wounded.
You conjure some foxfire!
The foxfire hits the bullfrog.
The bullfrog is lightly wounded.
The bullfrog is engulfed in a cloud of scalding steam.
The bullfrog closely misses you.
The foxfire hits the bullfrog.
The bullfrog is lightly wounded.
The bullfrog is engulfed in a cloud of scalding steam.
The bullfrog hits you.
You conjure some foxfire!
The foxfire hits the bullfrog.
The bullfrog is heavily wounded.
The bullfrog hits you but does no damage.
The bullfrog is engulfed in a cloud of scalding steam.
The bullfrog closely misses you. The giant cockroach misses you.
The foxfire hits the frilled lizard.
The frilled lizard is heavily wounded.
The bullfrog hits you but does no damage.
You conjure some foxfire!
You are engulfed in a cloud of scalding steam.
The foxfire hits the frilled lizard.
You kill the frilled lizard!
The bullfrog hits you.
The giant cockroach is engulfed in a cloud of scalding steam.
You kill the giant cockroach!
The bullfrog hits you!
* * * LOW HITPOINT WARNING * * *
The bullfrog hits you.
You die...

#≈≈≈≈≈#####.≈≈†≈##
#≈≈≈###≈≈≈###≈.≈≈#
##.≈##≈≈..≈..##≈≈≈#
##≈≈##≈.≈≈≈≈≈≈≈##.≈##
#≈≈≈.≈††≈≈..≈≈≈≈#≈≈≈#
#≈.≈≈≈#######≈.≈##≈≈#
#######≈###≈≈≈≈≈##≈≈≈#≈≈##
#≈≈≈..###≈≈vv.≈≈≈##.≈#≈.≈#
#.≈≈≈≈#.≈≈..@F.≈≈≈#≈≈##†≈#
#≈≈≈≈≈#..##§§F§.≈≈##≈.#†≈#
#≈.#.≈#..#≈≈.$/[..≈#≈≈#.≈#
#.≈#≈≈#.≈#≈.≈≈??.≈≈#.≈#≈.#
#≈≈#≈##≈≈#.≈≈..$≈≈≈#≈≈#≈≈#
#≈≈#≈#.≈≈#≈≈..≈..≈≈#≈≈#≈≈#
#≈≈#.#∩≈≈#≈≈.≈.≈≈≈≈#.≈#≈≈#
#≈≈#≈#≈.≈##≈≈.≈≈≈≈##≈≈#≈≈#
#†≈#.###†≈# #≈.##≈≈#


You could see 2 bullfrogs.

Vanquished Creatures
  6 adders
  An adder skeleton (D:4)
  3 worms (D:2)
  A dart slug (D:1)
  An orc (D:4)
  12 ball pythons
  3 bats
  19 endoplasms
  10 giant cockroaches
  5 goblins
  3 hobgoblins
  2 kobolds
  5 quokkas
  9 frilled lizards
  6 rats
86 creatures vanquished.

Vanquished Creatures (others)
  377 foxfires
377 creatures vanquished.

Grand Total: 463 creatures vanquished

Notes
Turn   | Place    | Note
-------+----------+-------------------------------------------
     0 | D:1      | warriortoast the Deep Elf Fire Elementalist began the quest
                  | for the Orb.
     0 | D:1      | Reached XP level 1. HP: 10/10 MP: 6/6
   401 | D:1      | Reached XP level 2. HP: 15/15 MP: 5/8
  1388 | D:2      | Reached XP level 3. HP: 19/19 MP: 3/10
  1845 | D:2      | Reached skill level 4 in Spellcasting
  1964 | D:2      | Identified the +6 war axe of Floods {drain, rN+ Will+
                  | Dex-2}
  2116 | D:2      | You fall into a shaft and drop 2 floors!
  2196 | D:4      | Reached XP level 4. HP: 24/24 MP: 7/12
  2388 | D:4      | Found a basalt altar of Yredelemnul.
  2435 | D:4      | Noticed an ogre
  2523 | D:5      | Entered Level 5 of the Dungeon
  2527 | D:5      | Learned a level 2 spell: Scorch
  2531 | D:5      | Learned a level 3 spell: Conjure Flame
  2671 | D:5      | Found a glowing drain.
  2680 | Sewer    | Entered a sewer
  3128 | Sewer    | Reached XP level 5. HP: 28/28 MP: 10/14
  3383 | Sewer    | Reached skill level 5 in Spellcasting
  3518 | Sewer    | Slain by a bullfrog

Illustrated notes

Levels and vault maps discovered:
D:1:      dpeg_arrival_erosion, layout_basic, hangedman_glass_teeth
D:2:      layout_loops_ring
D:4:      layout_gridville, mainiacjoe_overflow_six_doors_small
D:5:      layout_layer_cave, portal_sewer_entry_d, st_stairs_11, uniq_eustachio
Sewer:    sewer_frog_island_02

Skill      XL: |  1  2  3  4  5 |
---------------+----------------+-----
Fire Magic     | 4 |  4.8
Spellcasting   | 4 5 |  5.0
Conjurations   | 2 |  2.8
Dodging        | |  2.4
Stealth        | |  2.4

Action                   |  1- 3 |  4- 6 || total
-------------------------+-------+-------++-------
 Cast: Foxfire           |   128 |   106 ||   234
       Scorch            |       |     4 ||     4
Armor: Robe              |       |     4 ||     4
Dodge: Dodged            |     5 |     6 ||    11
